 Dungeon Crawl Stone Soup version 0.30.1-11-g7821555f0a (webtiles) character file.

Game seed: 9599152292524000492

1464 YellowLineWalker the Ducker (level 8, -4/67 HPs)
             Began as a Gnoll Monk on Nov 13, 2023.
             Was a Believer of Ru.
             Engulfed by a steam dragon's steam (10 damage)
             ... on level 6 of the Dungeon.
             The game lasted 00:09:19 (2215 turns).

YellowLineWalker the Ducker (Gnoll Monk)            Turns: 2215, Time: 00:09:20

Health: -4/67      AC:  3    Str: 11    XL:     8   Next: 77%
Magic:  11/13      EV: 15    Int: 11    God:    Ru [**....]
Gold:   61         SH:  0    Dex: 15    Spells: 2/14 levels left

rFire   x . .        a - +1 hand axe
rCold   x . .        d - orb {light}
rNeg    . . .        b - +1 robe
rPois   .            (no helmet)
rElec   .            (no cloak)
rCorr   .            (no gloves)
SInv    .            (no boots)
Will    .....        e - amulet of magic regeneration
Stlth   +            f - ring of willpower
HPRegen 0.31/turn    h - ring of wizardry
MPRegen 0.53/turn

%: wizardry (x1)
@: weak-willed, freezing walls, glowing
A: fangs 1, temperature sensitive, strong nose, distributed training
a: Renounce Religion


You were on level 6 of the Dungeon.
You worshipped Ru.
Ru was pleased with you.
You visited 2 branches of the dungeon, and saw 7 of its levels.

You collected 61 gold pieces.

Inventory:

Hand Weapons
 a - a +1 hand axe (weapon)
Armour
 b - a +1 robe (worn)
 d - an orb of light (worn)
Jewellery
 e - an amulet of magic regeneration (around neck)
 f - a ring of willpower (left hand)
 h - a ring of wizardry (right hand)
Wands
 j - a wand of flame (8)
Potions
 l - a potion of berserk rage {unknown}


   Skills:
 + Level 7.6 Fighting
 + Level 3.7 Short Blades
 + Level 3.7 Long Blades
 + Level 7.6 Axes
 + Level 3.7 Maces & Flails
 + Level 3.7 Polearms
 + Level 3.7 Staves
 + Level 3.7 Ranged Weapons
 + Level 3.7 Throwing
 + Level 3.7 Armour
 + Level 7.6 Dodging
 + Level 3.7 Stealth
 + Level 3.7 Shields
 + Level 3.7 Unarmed Combat
 + Level 3.7 Spellcasting
 + Level 3.0 Conjurations
 + Level 3.0 Hexes
 + Level 3.0 Summonings
 + Level 3.0 Necromancy
 + Level 3.0 Translocations
 + Level 3.0 Transmutations
 + Level 3.0 Fire Magic
 + Level 3.0 Ice Magic
 + Level 3.0 Air Magic
 + Level 3.0 Earth Magic
 + Level 3.0 Poison Magic
 + Level 4.1 Invocations
 + Level 3.7 Evocations


You had 2 spell levels left.
You knew the following spells:

 Your Spells              Type           Power      Damage    Failure   Level
a - Freeze                Ice            32%        1d5       2%          1
b - Frozen Ramparts       Ice            16%        1d3       9%          3
c - Hailstorm             Conj/Ice       8%         3d4       9%          3
d - Swiftness             Air            8%         N/A       9%          3
e - Passwall              Tmut/Erth      6%         N/A       4%          2

Your spell library contained the following spells:

 Spells                   Type           Power      Damage    Failure   Level
 Ensorcelled Hibernation  Hex/Ice        16%        N/A       4%          2


Dungeon Overview and Level Annotations

Branches:
Dungeon (6/15)             Temple (1/1) D:4

Altars:
Ashenzari
Cheibriados
Dithmenos
Fedhas
Hepliaklqana
Kikubaaqudgha
Makhleb
Ru
Vehumet
Wu Jian
Xom
The Shining One


Innate Abilities, Weirdness & Mutations

You have very sharp teeth.
You are sensitive to extremes of temperature. (rF-, rC-)
Your uncanny sense of smell can sniff out nearby items.
Your experience applies equally to all skills.


Message History

The steam dragon is engulfed in poison gas.
The steam dragon is poisoned.
The steam dragon begins to attack, but is stunned by your conviction!
Casting: Frozen Ramparts (dangerous; 9% risk of failure)
Press: ? - help, Q - select action, (/) - cycle Dir - look around, f - activate This square is lit by a halo.
The walls around you are covered in ice.
The wall freezes the steam dragon but does no damage.
Unknown command.
Casting: Frozen Ramparts (dangerous; 9% risk of failure)
Confirm with . or Enter, or press ? or * to list all spells.
Aiming: Freeze (safe; 2% risk of failure)
Press: ? - help, Shift-Dir - straight line, f - steam dragon
Aim: a steam dragon (moderately wounded, poisoned, weak-willed, haloed)
You freeze the steam dragon.
The steam dragon is heavily wounded.
The wall freezes the steam dragon but does no damage.
The steam dragon bites you!
* * * LOW HITPOINT WARNING * * *
The steam dragon barely misses you.
You hit the steam dragon.
The steam dragon is severely wounded.
The wall freezes the steam dragon but does no damage.
The steam dragon breathes steam at you. The ball of steam misses you.
You hear a shout!
You hit the steam dragon but do no damage.
The steam dragon is severely wounded.
You are engulfed in a cloud of scalding steam.
The wall freezes the steam dragon but does no damage.
The steam dragon bites you!
* * * LOW HITPOINT WARNING * * *
The steam dragon claws you but does no damage.
Aiming: Throw Flame
Press: ? - help, Shift-Dir - straight line, f/p - steam dragon
Aim: a steam dragon (severely wounded, poisoned, catching its breath, weak-willed, haloed, 81% to hit)
The puff of flame hits the steam dragon.
The steam dragon is almost dead.
You are engulfed in a cloud of scalding steam.
You die...

######°#
#######§°....#
..?...#@#
......#D## #..).#
#°#.☼# ## ##°#..#
..#####☼.°.○#
#.#...○○.○°.# ##.#
#.#.###...☼.#
..#.###...........#


You could see a steam dragon (poisoned, catching breath, weak-willed).

Vanquished Creatures
  A two-headed ogre (D:6)
  Prince Ribbit (D:6)
  2 black bears
  2 ogres
  A howler monkey (D:6)
  A hound (D:6)
  A jelly (D:6)
  4 orc priests
  A sleepcap (D:6)
  An orc wizard (D:5)
  4 adders
  A shadow imp (D:4)
  An ufetubus (D:4)
  10 orcs
  2 ball pythons
  A bat (D:2)
  2 endoplasms
  A giant cockroach (D:4)
  2 goblins
  2 hobgoblins (D:1)
  A jackal (D:4)
  2 quokkas (D:4)
  A kobold (D:2)
45 creatures vanquished.

Notes
Turn   | Place    | Note
-------+----------+-------------------------------------------
     0 | D:1      | YellowLineWalker the Gnoll Monk began the quest for the
                  | Orb.
     0 | D:1      | Reached XP level 1. HP: 23/23 MP: 1/1
   215 | D:1      | Reached XP level 2. HP: 29/29 MP: 2/2
   439 | D:2      | Reached XP level 3. HP: 25/35 MP: 3/3
   481 | D:2      | Learned a level 1 spell: Freeze
   510 | D:3      | Reached skill level 1 in Short Blades
   510 | D:3      | Reached skill level 1 in Long Blades
   510 | D:3      | Reached skill level 1 in Maces & Flails
   510 | D:3      | Reached skill level 1 in Polearms
   510 | D:3      | Reached skill level 1 in Staves
   510 | D:3      | Reached skill level 1 in Ranged Weapons
   510 | D:3      | Reached skill level 1 in Throwing
   510 | D:3      | Reached skill level 1 in Armour
   510 | D:3      | Reached skill level 1 in Stealth
   510 | D:3      | Reached skill level 1 in Shields
   510 | D:3      | Reached skill level 1 in Unarmed Combat
   510 | D:3      | Reached skill level 1 in Spellcasting
   510 | D:3      | Reached skill level 1 in Invocations
   510 | D:3      | Reached skill level 1 in Evocations
   530 | D:3      | Reached XP level 4. HP: 32/41 MP: 5/5
   615 | D:4      | Learned a level 3 spell: Frozen Ramparts
   618 | D:4      | Noticed an ogre
   633 | D:4      | Killed an ogre
   634 | D:4      | Reached skill level 1 in Conjurations
   634 | D:4      | Reached skill level 1 in Hexes
   634 | D:4      | Reached skill level 1 in Summonings
   634 | D:4      | Reached skill level 1 in Necromancy
   634 | D:4      | Reached skill level 1 in Translocations
   634 | D:4      | Reached skill level 1 in Transmutations
   634 | D:4      | Reached skill level 1 in Fire Magic
   634 | D:4      | Reached skill level 1 in Ice Magic
   634 | D:4      | Reached skill level 1 in Air Magic
   634 | D:4      | Reached skill level 1 in Earth Magic
   634 | D:4      | Reached skill level 1 in Poison Magic
   634 | D:4      | Reached XP level 5. HP: 16/47 MP: 1/7
   753 | D:4      | Learned a level 3 spell: Hailstorm
  1131 | D:4      | Found a staircase to the Ecumenical Temple.
  1136 | Temple   | Entered the Ecumenical Temple
  1162 | Temple   | Became a worshipper of Ru the Awakened
  1163 | Temple   | Gained mutation: You are sensitive to extremes of
                  | temperature. (rF-, rC-) [Ru sacrifice]
  1163 | Temple   | Reached * piety under Ru
  1163 | Temple   | Reached ** piety under Ru
  1212 | D:4      | Noticed a black bear
  1226 | D:4      | Killed a black bear
  1227 | D:4      | Reached XP level 6. HP: 34/53 MP: 8/8
  1349 | D:5      | Entered Level 5 of the Dungeon
  1702 | D:6      | Reached XP level 7. HP: 23/60 MP: 8/10
  1882 | D:6      | Noticed a two-headed ogre
  1887 | D:6      | Killed a two-headed ogre
  1888 | D:6      | Reached XP level 8. HP: 67/67 MP: 10/12
  2019 | D:6      | Noticed Prince Ribbit
  2054 | D:6      | Killed Prince Ribbit
  2061 | D:6      | Learned a level 3 spell: Swiftness
  2064 | D:6      | Learned a level 2 spell: Passwall
  2215 | D:6      | Engulfed by a steam dragon's steam

Illustrated notes

Levels and vault maps discovered:
D:1:      lemuel_arrival_hallway, layout_loops_corners, serial_park_tiny_1
D:2:      layout_basic, serial_rivers, chequers_serial_rivers_micro_b,
          chequers_serial_rivers_large_a, chequers_serial_rivers_micro_e,
          chequers_serial_rivers_small_a, chequers_serial_rivers_micro_e,
          serial_shops, nicolae_lakefront_shop, basic_altar
D:3:      layout_basic, tgw_sif
D:4:      layout_loops_corners, temple_doors_e, minmay_quantized
D:5:      layout_loops_cross, nicolae_concentric_dashed_squares_wild,
          nicolae_zen_rock_garden, chequers_mini_garden, uniq_edmund
D:6:      layout_loops_ring, mainiacjoe_overflow_alcove_4, serial_shops,
          nicolae_stop_n_shop_1, uniq_prince_ribbit1
Temple:   hellmonk_temple_of_storms

Skill      XL: |  1  2  3  4  5  6  7  8 |
---------------+-------------------------+-----
Short Blades   | 1 2 3 |  3.7
Long Blades    | 1 2 3 |  3.7
Maces & Flails | 1 2 3 |  3.7
Polearms       | 1 2 3 |  3.7
Staves         | 1 2 3 |  3.7
Ranged Weapons | 1 2 3 |  3.7
Throwing       | 1 2 3 |  3.7
Armour         | 1 2 3 |  3.7
Stealth        | 1 2 3 |  3.7
Shields        | 1 2 3 |  3.7
Unarmed Combat | 1 2 3 |  3.7
Spellcasting   | 1 2 3 |  3.7
Invocations    | 1 2 3 4 |  4.1
Evocations     | 1 2 3 |  3.7
Conjurations   | 1 2 3 |  3.0
Hexes          | 1 2 3 |  3.0
Summonings     | 1 2 3 |  3.0
Necromancy     | 1 2 3 |  3.0
Translocations | 1 2 3 |  3.0
Transmutations | 1 2 3 |  3.0
Fire Magic     | 1 2 3 |  3.0
Ice Magic      | 1 2 3 |  3.0
Air Magic      | 1 2 3 |  3.0
Earth Magic    | 1 2 3 |  3.0
Poison Magic   | 1 2 3 |  3.0
Fighting       | 7 |  7.6
Axes           | 7 |  7.6
Dodging        | 7 |  7.6

Action                     |  1- 3 |  4- 6 |  7- 9 || total
---------------------------+-------+-------+-------++-------
  Melee: Hand axe          |    48 |    66 |    40 ||   154
         Bite              |     5 |     7 |     5 ||    17
   Cast: Freeze            |     5 |    14 |     9 ||    28
         Frozen Ramparts   |       |     6 |     8 ||    14
 Invoke: Sacrifice Resista |       |     1 |       ||     1
  Evoke: Wand              |       |     3 |     8 ||    11
    Use: Potion            |     1 |     3 |     1 ||     5
         Scroll            |       |       |     4 ||     4
   Stab: Distracted        |       |       |     1 ||     1
 Armour: Robe              |    11 |     3 |    12 ||    26
         Skin              |       |    21 |       ||    21
  Dodge: Dodged            |    37 |    44 |    44 ||   125
